Map: Ley Lines

Players

SZNightMare (NightMare) - Winner!

  • Race: Protoss Protoss
  • Spawn Location: 7:00

BattleB

  • Race: Terran Terran
  • League: Grandmaster
  • Spawn Location: 1:00

Event: HomeStory Cup XXVI

VOD

Have the link to the VOD?

Description

Time

  • Played on: Nov. 29, 2024, 7:16 a.m.
  • Length: 16:27

All games in this series

Show
View Real Time Build Order
Export as new Build Order

SZNightMare Protoss - Winner!

Build Orders: 1 Gate Expand, Blink Stalkers 

Get SALT Encoding   

  12  0:00  Probe  
  13  0:12  Probe  
  14  0:20  Pylon  
  14  0:24  Probe  
  15  0:35  Probe  
  15  0:39  Gateway  
  16  0:43  Probe  
  16  0:48  Assimilator  
  17  0:52  Probe  
  18  1:04  Probe  
  19  1:17  Probe  
  20  1:26  Cybernetics Core  
  20  1:29  Probe  
  23  1:38  Nexus  
  21  1:41  Pylon  
  21  1:44  Probe  
  22  1:49  Assimilator  
  22  1:53  Adept, Warp Gate  
  22  1:56  Probe  
  25  2:08  Probe  
  25  2:13  Adept  
  26  2:21  Probe  
  29  2:33  Probe  
  29  2:34  Pylon  
  30  2:47  Stalker, Probe  
  33  2:52  Gateway  
  33  2:55  Probe  
  34  2:59  Gateway  
  34  3:04  Probe  
  35  3:08  Probe  
  35  3:12  Twilight Council  
  36  3:16  Probe  
  37  3:20  Probe  
  37  3:29  Blink  
  37  3:33  Probe x2  
  39  3:37  Robotics Facility  
  39  3:43  Adept  
  39  3:45  Probe x2  
  39  3:47  Adept  
  45  3:56  Pylon  
  45  3:57  Probe x2  
  45  4:08  Stalker x2  
  49  4:14  Stalker  
  49  4:15  Probe x2  
  51  4:21  Assimilator  
  51  4:27  Probe x2  
  53  4:36  Stalker x2  
  53  4:37  Stalker  
  59  4:39  Probe x2  
  59  4:41  Pylon  
  61  4:52  Warp Prism  
  61  4:53  Pylon  
  61  4:56  Probe  
  61  4:59  Probe  
  63  5:08  Stalker x3  
  69  5:21  Pylon  
  65  5:33  Stalker x3  
  71  5:37  Nexus  
  71  5:39  Probe x2  
  73  5:48  Charge  
  73  5:49  Templar Archives  
  72  5:50  Assimilator  
  72  5:51  Probe  
  72  5:52  Probe  
  74  5:57  Pylon  
  74  6:03  Probe  
  74  6:04  Probe  
  76  6:15  Probe  
  76  6:16  Probe  
  78  6:18  Gateway  
  78  6:20  Gateway, Psionic Storm  
  78  6:22  Gateway  
  78  6:32  Pylon  
  78  6:33  Probe x2  
  78  6:38  Stalker  
  80  6:44  Stalker  
  82  6:49  Probe x2  
  82  6:53  Probe  
  85  7:00  Gateway  
  85  7:01  Probe x2  
  85  7:03  High Templar  
  85  7:04  Shield Battery, High Templar  
  91  7:13  Probe  
  91  7:14  Probe  
  94  7:16  Zealot x3  
  94  7:19  Pylon  
  97  7:27  High Templar  
  99  7:31  Pylon  
  99  7:32  Pylon  
  99  7:33  Pylon  
  99  7:35  Pylon  
  99  7:36  High Templar  
  101  7:37  Zealot x3  
  101  7:39  Probe x2  
  95  7:50  Pylon  
  93  7:57  Zealot x3  
  93  7:58  Stalker  
  100  8:02  Zealot  
  100  8:05  Observer  
  102  8:10  Gateway  
  102  8:12  Forge  
  103  8:15  Zealot  
  103  8:19  Zealot x3  
  111  8:21  Zealot  
  111  8:24  Zealot  
  115  8:29  Protoss Ground Weapons Level 1  
  115  8:30  Warp Prism  
  103  8:42  Shield Battery, High Templar x4  
  103  8:44  Zealot x2  
  115  8:54  Nexus, Pylon  
  115  8:58  Forge  
  112  9:03  Probe  
  112  9:04  Probe x2  
  112  9:08  Observer  
  112  9:09  Assimilator  
  114  9:12  Assimilator  
  114  9:13  Zealot x3  
  114  9:15  Zealot x2, Protoss Ground Armor Level 1  
  125  9:18  High Templar  
  127  9:29  Zealot  
  121  9:33  Probe x3  
  121  9:36  Zealot x4  
  121  9:37  Zealot  
  134  9:46  Robotics Bay  
  134  9:58  Zealot x2  
  134  9:59  Zealot x4  
  94  10:11  Zealot  
  94  10:14  Gateway  
  96  10:15  Gateway  
  96  10:16  Gateway  
  96  10:23  Zealot x4  
  104  10:35  High Templar x3  
  106  10:44  Protoss Ground Weapons Level 2  
  100  10:50  Colossus  
  100  10:51  Stalker x4  
  105  11:04  Extended Thermal Lance  
  105  11:08  Zealot x3  
  105  11:11  Zealot x3  
  117  11:18  Observer  
  111  11:32  Zealot x6  
  117  11:33  Stalker x2  
  117  11:38  Zealot  
  117  11:39  Zealot  
  117  11:57  Zealot x8  
  117  12:09  Protoss Ground Armor Level 2  
  117  12:10  High Templar x2  
  117  12:11  Nexus  
  121  12:22  High Templar x2  
  125  12:24  Zealot x4, High Templar  
  125  12:26  Zealot  
  137  12:31  Warp Prism, Pylon  
  137  12:46  Robotics Facility  
  137  12:53  Pylon  
  137  13:00  Stalker x2  
  137  13:01  Stalker  
  137  13:02  Stalker  
  143  13:06  Shield Battery  
  143  13:08  Observer  
  143  13:11  High Templar x3  
  143  13:12  High Templar x2  
  153  13:16  Stalker  
  156  13:20  Protoss Ground Weapons Level 3  
  138  13:35  Zealot x3  
  138  13:36  Zealot  
  138  13:37  Probe x4  
  150  13:42  Observer  
  150  13:45  Zealot x2  
  150  13:47  High Templar  
  157  13:50  Colossus  
  157  13:59  Observer  
  157  14:01  Immortal  
  167  14:13  Probe x3  
  167  14:16  Gateway  
  170  14:19  Gateway  
  170  14:20  Pylon  
  170  14:36  Zealot  
  170  14:38  Nexus  
  172  14:42  Zealot  
  173  14:52  Pylon  
  173  14:59  Shield Battery  
  169  15:00  Nexus  
  165  15:07  Zealot x9  
  165  15:10  Zealot  
  163  15:30  Zealot x5  
  166  15:39  Archon  
  146  15:45  Zealot x5  
  146  15:46  Stalker x2  
  152  15:52  Stalker x5  
  162  15:57  Observer  
  162  15:58  Probe x4  
  169  16:07  High Templar x2  
  169  16:08  High Templar  
  175  16:17  Archon  
  151  16:24  Archon  
Show
View Real Time Build Order
Export as new Build Order

BattleB Terran 

Build Orders: 1/1/1 

Get SALT Encoding   

  12  0:00  SCV  
  13  0:12  SCV  
  14  0:16  Supply Depot  
  14  0:24  SCV  
  15  0:38  SCV  
  15  0:39  Barracks  
  16  0:42  Refinery  
  16  0:50  SCV  
  16  0:54  Refinery  
  17  1:02  SCV  
  18  1:14  SCV  
  19  1:27  Orbital Command, Reaper  
  20  1:42  Factory  
  20  1:48  Supply Depot  
  20  1:53  SCV  
  21  2:00  Barracks Reactor  
  21  2:05  SCV  
  22  2:17  Command Center  
  22  2:18  SCV  
  23  2:29  Starport  
  23  2:32  Hellion  
  23  2:35  SCV  
  26  2:42  Marine x2  
  28  2:45  Supply Depot  
  28  2:47  SCV  
  29  2:54  Widow Mine  
  31  3:07  SCV, Marine x2, Medivac  
  36  3:19  SCV  
  37  3:24  Marine x2, Widow Mine  
  39  3:31  SCV  
  39  3:34  Orbital Command  
  39  3:38  Starport Tech Lab  
  39  3:42  Marine x2  
  39  3:43  SCV  
  39  3:45  Factory Tech Lab  
  43  3:55  SCV  
  43  4:00  Marine x2  
  43  4:04  SCV, Liberator  
  43  4:06  Bunker  
  46  4:15  SCV  
  47  4:17  SCV  
  47  4:18  Marine x2  
  47  4:19  Siege Tank  
  52  4:30  Barracks  
  49  4:31  SCV  
  49  4:32  SCV  
  49  4:36  Marine x2  
  52  4:41  Barracks  
  52  4:42  Supply Depot  
  51  4:49  SCV x2  
  52  4:53  Siege Tank  
  52  4:57  Reaper  
  52  4:58  Marine  
  54  5:02  SCV  
  54  5:04  SCV  
  54  5:05  Raven  
  57  5:12  Bunker  
  57  5:14  SCV  
  58  5:16  SCV  
  58  5:19  Marine, Bunker  
  61  5:26  SCV  
  62  5:28  SCV  
  62  5:31  Supply Depot  
  62  5:32  Supply Depot, Refinery  
  62  5:35  Engineering Bay  
  62  5:36  Stimpack  
  62  5:42  Supply Depot, Factory Reactor  
  62  5:47  SCV x2, Marine  
  62  5:49  Starport Reactor  
  62  5:53  Marine, Refinery  
  62  5:54  Marine x2  
  65  5:57  Combat Shield  
  65  5:59  SCV x2  
  67  6:07  Marauder  
  67  6:13  Marauder  
  67  6:15  SCV x2  
  68  6:21  Terran Infantry Weapons Level 1  
  68  6:22  Marine x2  
  67  6:28  Widow Mine x2, Viking  
  67  6:30  SCV x2  
  74  6:34  Supply Depot  
  74  6:37  Marauder  
  74  6:39  Marauder  
  78  6:45  SCV x2  
  78  6:46  Marine x2  
  82  6:48  Medivac  
  82  6:52  Supply Depot  
  82  6:53  Widow Mine  
  86  6:57  SCV x2  
  88  7:03  Marauder  
  88  7:04  Marauder  
  88  7:06  Supply Depot  
  92  7:10  Marine x2  
  92  7:13  SCV x2  
  93  7:17  Widow Mine x2  
  97  7:23  Medivac x2  
  100  7:30  Marine x2  
  100  7:31  Marauder  
  100  7:34  Marauder  
  106  7:38  Supply Depot  
  106  7:39  Supply Depot  
  106  7:41  Barracks  
  106  7:42  Barracks  
  106  7:44  Widow Mine  
  105  7:45  SCV x2  
  105  7:47  Concussive Shells  
  107  7:53  Marine  
  107  7:54  Marauder  
  110  8:00  Marauder  
  110  8:01  Widow Mine  
  116  8:06  Marine  
  115  8:15  Marine x2  
  115  8:18  Terran Infantry Armor Level 1  
  117  8:21  Command Center  
  117  8:25  Supply Depot, Marine x2  
  119  8:33  Marine x2  
  119  8:34  Marauder  
  116  8:36  Marine  
  116  8:39  Widow Mine x2  
  99  8:43  Ghost Academy, Marauder  
  99  8:44  Marine  
  102  8:51  Marine  
  102  8:53  Medivac x2  
  107  8:56  SCV  
  107  8:57  SCV  
  107  9:02  Barracks Tech Lab, Marine, Barracks Reactor  
  109  9:04  Marine  
  109  9:08  SCV  
  109  9:09  SCV  
  119  9:10  Widow Mine x2  
  119  9:14  Marine  
  120  9:20  Marine  
  120  9:21  SCV x2  
  120  9:23  Ghost x3  
  124  9:32  Medivac  
  124  9:36  Medivac  
  124  9:38  Widow Mine  
  130  9:41  Marine x2  
  130  9:42  Supply Depot  
  130  9:44  Marine  
  133  9:46  Marine  
  133  9:50  SCV x2  
  136  9:56  Orbital Command  
  136  9:58  Marine x3  
  120  10:01  Marine x2  
  120  10:03  Marine x2  
  120  10:04  Widow Mine  
  108  10:11  Medivac x2  
  110  10:16  Marine x2  
  110  10:18  Marine  
  110  10:19  Marine  
  110  10:20  Widow Mine  
  116  10:25  Marine  
  116  10:27  Widow Mine  
  118  10:30  Marine x2  
  118  10:34  Marine  
  118  10:35  Marine, Marauder  
  118  10:41  Widow Mine  
  120  10:46  Marine x2  
  120  10:48  Marine  
  120  10:49  Widow Mine  
  120  10:53  Marauder  
  120  10:56  Marine x3  
  124  10:57  Refinery  
  124  11:03  Widow Mine, Medivac  
  124  11:04  Armory, Medivac  
  130  11:05  Marine x2, Engineering Bay  
  132  11:13  Ghost, Refinery  
  132  11:14  Refinery, Marine, Ghost  
  132  11:15  Marauder, Command Center  
  141  11:19  Marine  
  141  11:23  Marine x2  
  140  11:26  Widow Mine x2  
  144  11:33  Supply Depot, Marine  
  144  11:34  Sensor Tower  
  144  11:36  Supply Depot, Marauder  
  149  11:43  Marauder  
  149  11:45  Supply Depot, Marine x2, Marauder  
  155  11:47  Marine  
  137  11:56  Marine  
  137  11:58  Marauder  
  130  12:03  Marine x2  
  130  12:04  Marauder  
  130  12:05  Viking x2  
  130  12:07  Marauder  
  133  12:13  Marine  
  136  12:17  Terran Infantry Weapons Level 2  
  136  12:21  SCV x2  
  136  12:22  SCV  
  133  12:25  Marine x3  
  133  12:26  Marauder x2  
  133  12:29  Marauder  
  142  12:32  Terran Infantry Armor Level 2  
  142  12:38  SCV x2  
  142  12:39  SCV  
  142  12:40  Viking  
  145  12:45  Viking  
  145  12:46  Marine  
  145  12:47  Marine  
  145  12:49  Marine x3  
  152  12:52  Marauder x2  
  152  12:55  SCV x2  
  152  12:57  SCV  
  159  13:02  Planetary Fortress  
  159  13:07  SCV x2, Marine x2  
  159  13:08  Marauder  
  159  13:12  Marine  
  165  13:14  SCV, Marauder  
  165  13:19  SCV  
  169  13:21  Terran Ship Weapons Level 1, Personal Cloaking  
  169  13:25  Supply Depot  
  165  13:30  Viking x2  
  165  13:32  Marine x2, Marauder  
  167  13:35  SCV  
  167  13:36  SCV  
  167  13:37  Marine, Marauder  
  167  13:39  Marine x2  
  174  13:50  Marine  
  174  13:54  Marauder, Barracks  
  174  13:55  Barracks  
  177  13:59  Marine x3  
  177  14:00  Barracks  
  177  14:01  Ghost  
  182  14:02  Marine  
  182  14:07  Marine  
  182  14:14  Viking x2  
  182  14:15  Marauder  
  182  14:16  Marine  
  189  14:21  Marauder  
  189  14:23  Marine x2  
  193  14:25  Marine  
  193  14:31  Marauder  
  195  14:37  Missile Turret, Marauder, Command Center  
  195  14:38  Marine  
  196  14:40  Sensor Tower  
  196  14:41  Marine x2  
  196  14:45  Barracks Tech Lab x2  
  199  14:47  Barracks Reactor  
  199  14:52  Marauder  
  199  14:53  Marine  
  200  15:12  Starport  
  200  15:19  Command Center  
  190  15:21  Marine  
  190  15:22  Marine, Marauder, Medivac  
  190  15:23  Medivac  
  190  15:24  Marine, Marauder, Widow Mine x2  
  190  15:25  Marine  
  190  15:27  Marine  
  195  15:29  Marine  
  195  15:30  Marine, Marauder  
  186  15:36  Marine  
  186  15:39  Marine x2  
  186  15:41  Marine  
  156  15:43  Marine, Marauder  
  156  15:45  Marine  
  156  15:46  Marauder  
  156  15:47  Marine  
  156  15:48  Marine, Widow Mine x2  
  147  15:51  Marauder  
  147  15:54  Marine  
  147  15:57  Marine x2, Medivac  
  150  15:59  Marine  
  153  16:05  Marauder  
Tags
 
Add a new tag
Caveats
  • Supply blocks, unpowered buildings, or Contaminate may cause inaccurate times.
  • Supply counts are checked every 10 seconds.